 Dungeon Crawl Stone Soup version 0.28-b1-25-g9875b3fc8c (webtiles) character file.

Game seed: 9127739887349219749

6 inmateoo the Sneak (level 1, 0/18 HPs)
             Began as a Demonspawn Delver on Feb 6, 2022.
             Slain by an orc (3 damage)
             ... on level 6 of the Dungeon.
             The game lasted 00:01:28 (400 turns).

inmateoo the Sneak (Demonspawn Delver)               Turns: 400, Time: 00:01:29

Health: 0/18       AC:  4    Str: 12    XL:     1   Next: 75%
Magic:  1/1        EV: 11    Int: 11    God:
Gold:   29         SH:  0    Dex: 14    Spells: 0/0 levels left

rFire   . . .      SeeInvis .     - Unarmed
rCold   . . .      Faith    .   (no shield)
rNeg    . . .      Spirit   .   a - +0 leather armour
rPois   .          Reflect  .   (no helmet)
rElec   .          Harm     .   (no cloak)
rCorr   .          Rampage  .   (no gloves)
Will    .....                   i - +0 pair of boots
Stlth   ++........              (no amulet)
HPRegen 0.06/turn               (no ring)
MPRegen 0.07/turn               (no ring)

@: no status effects
A: no striking features
a: no special abilities


You were on level 6 of the Dungeon.
You visited 1 branch of the dungeon, and saw 3 of its levels.

You collected 29 gold pieces.

Inventory:

Armour
 a - a +0 leather armour (worn)
 i - a +0 pair of boots (worn)
Jewellery
 h - a ring of poison resistance
Wands
 f - a wand of digging (2)
Scrolls
 b - a scroll of fog
 c - a scroll of magic mapping
Potions
 e - a potion of haste
 g - a potion of heal wounds {unknown}


   Skills:
 + Level 3.2 Fighting
 - Level 1.7 Dodging
 - Level 4.5 Stealth
 + Level 2.1 Unarmed Combat


You couldn't memorise any spells.
You didn't know any spells.
Your spell library was empty.

Dungeon Overview and Level Annotations

Branches:
Dungeon (6/15)
 Temple: D:4-7

Altars:


Message History

You barely miss the orc. You hit the orc but do no damage.
The orc hits you with a +0 club.
You hit the orc.
The orc is moderately wounded.
The orc hits you with a +0 club.
* * * LOW HITPOINT WARNING * * *
You barely miss the orc.
The orc is moderately wounded.
The orc hits you with a +0 club.
* * * LOW HITPOINT WARNING * * *
As you read the scroll of fear, it crumbles to dust.
You assume a fearsome visage.
The orc looks frightened! x2
There is a stone staircase leading down here.
You climb downwards.
The orc shouts!
The orc priest shouts!
Found a ring mail.
There is a stone staircase leading up here.
Unknown command.
The ice beast closely misses you. The orc closely misses you.
You climb upwards.
There is a stone staircase leading down here.
The orc closely misses you.
Aiming: Dig
Press: ? - help, Shift-Dir - straight line A rock wall.
The rock shatters into small pieces.
The orc hits you with a +0 club.
* * * LOW HITPOINT WARNING * * *
There is an escape hatch in the floor here.
The orc completely misses you.
You slide downwards.
The hatch slams shut behind you.
You barely miss the orc. You barely miss the orc. The orc closely misses you.
You hit the orc. Your punch misses the orc.
The orc is almost dead.
The orc hits you with a +0 club.
* * * LOW HITPOINT WARNING * * *
You barely miss the orc.
The orc is almost dead.
The orc hits you with a +0 club.
You die...

# ...
#####....
#@.......
#o.......
#........
#........
#......≈.
#....≈≈8§
#...≈≈§.≈
#..≈≈....
#.≈≈...5.


You could see an orc.

Vanquished Creatures
  An orc (D:4)
  An endoplasm (D:5)
  A giant cockroach (D:5)
  A goblin (D:4)
4 creatures vanquished.

Notes
Turn   | Place    | Note
-------+----------+-------------------------------------------
     0 | D:5      | inmateoo the Demonspawn Delver began the quest for the Orb.
     0 | D:5      | Reached XP level 1. HP: 18/18 MP: 1/1
    21 | D:5      | Noticed a scorpion
   368 | D:6      | Noticed an orc priest
   368 | D:6      | Noticed an ice beast
   395 | D:6      | Noticed an iron imp
   400 | D:6      | Slain by an orc

Illustrated notes

Levels and vault maps discovered:
D:4:      layout_gridville, serial_bayou_crossing
D:5:      layout_basic, gammafunk_ghost_split
D:6:      layout_basic, demons_altar, minmay_temple_entry_statues,
          kennysheep_cluttered_room, grunt_ministairs_8

Skill      XL: |  1 |
---------------+----+-----
Unarmed Combat | 2 |  2.1
Fighting       | |  3.2
Dodging        | |  1.7
Stealth        | |  4.5

Action                   || total
-------------------------++-------
Melee: Unarmed           ||    43
Evoke: Wand              ||     1
  Use: Scroll            ||     1
Armor: Leather armour    ||    14
Dodge: Dodged            ||    27
